[Event "Titled Tuesday Blitz August 08 Early 2023"]
[White "Rios Escobar, Adan"]
[Black "Tarhan, Adar"]
[WhiteFideId "3403645"]
[BlackFideId "34544712"]
[WhiteElo "2453"]
[BlackElo "2642"]
[Result "0-1"]
[Round "3"]
[TimeControl "180+1"]
[Date "2023.08.08"]
[WhiteClock "0:00:00"]
[BlackClock "0:01:42"]
[Board "118"]

1. d4 Nf6 2. g3 d5 3. Nf3 c5 4. Bg2 Nc6 5. O-O Bg4 6. Ne5 cxd4 7. Nxg4 Nxg4 8. e3 h5 9. exd4 e6 10. h3 Nf6 11. Bg5 Qb6 12. Nc3 Qxd4 13. Nb5 Qb6 14. c4 dxc4 15. Nd6+ Bxd6 16. Qxd6 Rd8 17. Qa3 Rd3 18. b3 Rxg3 19. Bh4 Rd3 20. Rad1 Nd5 21. Bxd5 exd5 22. Rfe1+ Kd7 23. Rxd3 cxd3 24. Bg3 Qb4 0-1


[Site "https://www.chess.com"]

[Event "Titled Tuesday Blitz August 08 Early 2023"]
[White "Korkmaz, Necmettin"]
[Black "Skuhala, Jernej"]
[WhiteFideId "6303285"]
[BlackFideId "14605651"]
[WhiteElo "2453"]
[BlackElo "2640"]
[Result "1-0"]
[Round "3"]
[TimeControl "180+1"]
[Date "2023.08.08"]
[WhiteClock "0:01:50"]
[BlackClock "0:01:24"]
[Board "119"]

1. e4 c6 2. d4 d5 3. Nc3 dxe4 4. Nxe4 Nf6 5. Nxf6+ exf6 6. Bc4 Bd6 7. Qe2+ Qe7 8. Qxe7+ Bxe7 9. Ne2 Be6 10. Bd3 Nd7 11. O-O O-O 12. Nf4 Bd6 13. Nxe6 fxe6 14. Bc4 Rfe8 15. Re1 Kf7 16. f4 Nb6 17. Bb3 Nd5 18. g3 c5 19. f5 Nc7 20. Be3 Kf8 21. dxc5 Be5 22. fxe6 Bxb2 23. Bf4 Bxa1 24. Bd6+ Re7 25. Rxa1 Rd8 26. Rd1 Ne8 27. Kf2 Rc8 28. Bxe7+ Kxe7 29. Rd7+ Kf8 30. e7# 1-0


[Site "https://www.chess.com"]

[Event "Titled Tuesday Blitz August 08 Early 2023"]
[White "benny_aizenberg"]
[Black "TrompeterImEther"]
[WhiteElo "2637"]
[BlackElo "2452"]
[Result "1-0"]
[Round "3"]
[TimeControl "180+1"]
[Date "2023.08.08"]
[WhiteClock "0:00:46"]
[BlackClock "0:00:03"]
[Board "120"]

1. f4 Nf6 2. Nf3 g6 3. g3 Bg7 4. Bg2 O-O 5. O-O d5 6. d3 b6 7. Qe1 Bb7 8. a4 a5 9. c3 Nbd7 10. Be3 Re8 11. h3 c5 12. d4 Ne4 13. Nbd2 Ndf6 14. g4 Nxd2 15. Nxd2 Rc8 16. f5 Nd7 17. Qh4 e5 18. Bg5 f6 19. fxg6 hxg6 20. Bh6 exd4 21. Bxg7 Kxg7 22. cxd4 Rxe2 23. Nf3 Qe7 24. Rae1 cxd4 25. Rxe2 Qxe2 26. Re1 d3 27. Rxe2 dxe2 28. Kf2 Re8 29. g5 Nc5 30. gxf6+ Kg8 31. Ne1 d4 32. Bxb7 d3 33. Bd5+ 1-0


[Site "https://www.chess.com"]

[Event "Titled Tuesday Blitz August 08 Early 2023"]
[White "Warchol, Kamil"]
[Black "Jeet, Jain"]
[WhiteFideId "21858241"]
[BlackFideId "5073022"]
[WhiteElo "2452"]
[BlackElo "2636"]
[Result "0-1"]
[Round "3"]
[TimeControl "180+1"]
[Date "2023.08.08"]
[WhiteClock "0:00:04"]
[BlackClock "0:01:22"]
[Board "121"]

1. e4 c6 2. c4 d5 3. cxd5 cxd5 4. exd5 Nf6 5. Nc3 Nxd5 6. Nf3 Nc6 7. Bb5 e6 8. O-O Be7 9. d4 O-O 10. Re1 Bf6 11. Ne4 a6 12. Bxc6 bxc6 13. Nxf6+ Nxf6 14. Qc2 Bb7 15. Bd2 c5 16. dxc5 Bxf3 17. gxf3 Qd5 18. Qc3 Rfd8 19. Bf4 Rac8 20. b4 Qf5 21. Bg3 Rd3 22. Qe5 Qxf3 23. a4 Rb3 24. Qd4 Nd5 25. Rab1 Rd3 26. Qc4 h5 27. Qxa6 h4 28. Qxc8+ Kh7 29. Qd8 f6 30. Bxh4 Nf4 0-1


[Site "https://www.chess.com"]

[Event "Titled Tuesday Blitz August 08 Early 2023"]
[White "Saya, Ethan"]
[Black "Kassimov, Baurzhan"]
[WhiteFideId "26095181"]
[BlackFideId "13704800"]
[WhiteElo "2633"]
[BlackElo "2450"]
[Result "1-0"]
[Round "3"]
[TimeControl "180+1"]
[Date "2023.08.08"]
[WhiteClock "0:00:07"]
[BlackClock "0:00:03"]
[Board "122"]

1. d4 Nf6 2. c4 e6 3. Nc3 d5 4. cxd5 exd5 5. Bg5 Be7 6. e3 c6 7. Bd3 Nbd7 8. Nge2 O-O 9. Qc2 Re8 10. O-O h6 11. Bh4 Ne4 12. Bxe7 Qxe7 13. Rae1 Ndf6 14. f3 Nxc3 15. Nxc3 c5 16. dxc5 Qxc5 17. Nb5 Qxc2 18. Bxc2 Rd8 19. Bb3 a6 20. Nc7 Rb8 21. Rd1 Be6 22. Nxe6 fxe6 23. e4 Kf8 24. exd5 exd5 25. Rd4 Rd6 26. Rc1 Rbd8 27. Kf2 Rc6 28. Rcd1 Ke7 29. g4 g5 30. Kg3 Kf8 31. Rh1 Kg7 32. h4 Re8 33. hxg5 hxg5 34. Rh2 Re3 35. Bxd5 Rd6 36. Rhd2 b6 37. Kf2 Re5 38. Bc4 Rxd4 39. Rxd4 b5 40. Bd3 Nd5 41. Bf5 Nf4 42. Rd2 a5 43. Bd3 a4 44. Bf1 Kf6 45. Rd6+ Ke7 46. Rb6 Rc5 47. Rxb5 Rc2+ 48. Ke3 Rc1 49. Bd3 Re1+ 50. Kd2 Ra1 51. a3 Rg1 52. Be4 Rg2+ 53. Ke3 Rg1 54. Kd4 Rd1+ 55. Kc5 Nd3+ 56. Bxd3 Rxd3 57. Kb6 Rxf3 58. Rxg5 Rb3+ 59. Rb5 Rg3 60. Rb4 Kd6 61. Rxa4 Rf3 62. Rb4 Rf8 63. Kb5 Kd5 64. Ka4 Ra8+ 65. Kb3 Rc8 66. Rb5+ Kc6 67. Rb4 Rf8 68. Rc4+ Kb5 69. Rb4+ 1-0


[Site "https://www.chess.com"]

[Event "Titled Tuesday Blitz August 08 Early 2023"]
[White "Kazakov, Mikhail"]
[Black "Radzhabov, Rodion"]
[WhiteFideId "14102749"]
[BlackFideId "884715"]
[WhiteElo "2448"]
[BlackElo "2632"]
[Result "0-1"]
[Round "3"]
[TimeControl "180+1"]
[Date "2023.08.08"]
[WhiteClock "0:00:00"]
[BlackClock "0:00:04"]
[Board "123"]

1. e4 c5 2. Nf3 e6 3. c3 Nf6 4. e5 Nd5 5. d4 cxd4 6. cxd4 Nc6 7. Bd3 d6 8. exd6 Qxd6 9. O-O Be7 10. Nc3 Nxc3 11. bxc3 O-O 12. Qc2 g6 13. h4 Bf6 14. Bh6 Bg7 15. Bxg7 Kxg7 16. Rfe1 b6 17. h5 Qf4 18. Re4 Qf6 19. Qd2 Bb7 20. Rf4 Qe7 21. Rh4 Ne5 22. dxe5 Bxf3 23. h6+ Kg8 24. Qf4 Bb7 25. Rh3 Rfd8 26. Bf1 Rac8 27. a4 Rc5 28. Re3 Rd7 29. g3 Rd8 30. Bg2 Bxg2 31. Kxg2 Rdc8 32. Qd4 Rc4 33. Qd2 Rd8 34. Qe2 Qc7 35. Qf3 Qc6 36. Qxc6 Rxc6 37. a5 b5 38. a6 Kf8 39. Ra5 Rd5 40. f4 Ke7 41. Kf3 Kd7 42. Ke2 Kc7 43. Ra3 Kb6 44. Re4 Rc4 45. Rxc4 bxc4 46. Ra4 Rc5 47. Ke3 Kb5 48. Rb4+ Kxa6 49. Kd4 Rc8 50. Rb1 Rc6 51. g4 Rb6 52. Ra1+ Kb7 53. Kxc4 Rc6+ 54. Kd4 Ra6 55. Rd1 Kc7 56. Rb1 Ra2 57. c4 Rf2 58. Ke4 Rg2 59. g5 Rc2 60. Rb4 Rc1 61. Ra4 Kb6 62. Kd4 Rd1+ 63. Ke3 Rc1 64. Kd4 Rf1 65. Ke4 Rb1 66. Kd4 a5 67. Ra2 Rd1+ 68. Kc3 Rf1 69. Rb2+ Kc6 70. Rb8 Rxf4 71. Rh8 Rf5 72. Rxh7 Rxg5 73. Rxf7 Rxe5 74. Rg7 Rh5 75. Rxg6 Kd6 76. c5+ Rxc5+ 77. Kd4 Rh5 78. Ke4 a4 79. Kd3 a3 80. Kc3 Rh2 81. Kb3 a2 82. Rg1 e5 83. h7 Ke6 0-1


[Site "https://www.chess.com"]

[Event "Titled Tuesday Blitz August 08 Early 2023"]
[White "Tologon tegin, Semetei"]
[Black "Mrudul Dehankar"]
[WhiteFideId "13800574"]
[BlackFideId "25096990"]
[WhiteElo "2632"]
[BlackElo "2448"]
[Result "1-0"]
[Round "3"]
[TimeControl "180+1"]
[Date "2023.08.08"]
[WhiteClock "0:00:14"]
[BlackClock "0:00:00"]
[Board "124"]

1. e4 c6 2. d4 d5 3. e5 Bf5 4. c4 e6 5. Nc3 Bb4 6. cxd5 cxd5 7. Bd3 Ne7 8. Ne2 Nbc6 9. O-O O-O 10. Be3 a6 11. Rc1 Ba5 12. Ng3 Bg6 13. f4 f6 14. Bxg6 Nxg6 15. exf6 Qxf6 16. f5 Nge7 17. fxe6 Qxe6 18. Qd2 Bb6 19. Rce1 Qg6 20. Kh1 Bc7 21. Nce2 Nf5 22. Bf4 Nxg3+ 23. Nxg3 Bxf4 24. Rxf4 Rxf4 25. Qxf4 Rf8 26. Qd2 Qf6 27. Rd1 Re8 28. h3 Qd6 29. Ne2 Qf6 30. Nc3 Qf7 31. Qd3 Re7 32. Rf1 1-0


[Site "https://www.chess.com"]

[Event "Titled Tuesday Blitz August 08 Early 2023"]
[White "Iljin, Timofey"]
[Black "Popilski, Gil"]
[WhiteFideId "14110180"]
[BlackFideId "2809060"]
[WhiteElo "2447"]
[BlackElo "2632"]
[Result "1-0"]
[Round "3"]
[TimeControl "180+1"]
[Date "2023.08.08"]
[WhiteClock "0:00:09"]
[BlackClock "0:00:10"]
[Board "125"]

1. e4 c5 2. c3 d5 3. exd5 Qxd5 4. d4 Nf6 5. Nf3 g6 6. h3 Bg7 7. Be2 O-O 8. O-O cxd4 9. cxd4 Nc6 10. Nc3 Qd6 11. a3 Rd8 12. Be3 Nd5 13. Rc1 Nxe3 14. fxe3 Bh6 15. Qd3 Bf5 16. Qd2 e5 17. d5 e4 18. Nd4 Nxd4 19. Qxd4 Qg3 20. Nd1 Bxh3 21. Rf2 Bf5 22. Kh1 Bg7 23. Qd2 Be5 24. Rf4 Bxf4 25. exf4 Bg4 26. Bxg4 Qxg4 27. Ne3 Qxf4 28. Rf1 Qh6+ 29. Kg1 Rac8 30. Qd4 Qg7 31. Qxa7 Qxb2 32. Ng4 Rc2 33. Nh6+ Kg7 34. Rxf7+ Kxh6 35. Qe3+ Kh5 36. Qh3+ Kg5 37. Qg3+ Kh5 38. Rxh7# 1-0


[Site "https://www.chess.com"]

[Event "Titled Tuesday Blitz August 08 Early 2023"]
[White "Sharavdorj, Dashzegve"]
[Black "Novikov, Evgenij"]
[WhiteFideId "4900340"]
[BlackFideId "4125380"]
[WhiteElo "2629"]
[BlackElo "2445"]
[Result "1-0"]
[Round "3"]
[TimeControl "180+1"]
[Date "2023.08.08"]
[WhiteClock "0:01:33"]
[BlackClock "0:00:00"]
[Board "126"]

1. d4 Nf6 2. c4 g6 3. Nc3 Bg7 4. e4 d6 5. Nf3 O-O 6. Be2 e5 7. d5 a5 8. Bg5 Nbd7 9. Nd2 h6 10. Be3 Nc5 11. O-O Bd7 12. b3 c6 13. a3 cxd5 14. cxd5 Qe7 15. b4 Na6 16. Rb1 Rfc8 17. Qb3 axb4 18. axb4 Qe8 19. Nc4 Rxc4 20. Bxc4 Ng4 21. Bb6 f5 22. f3 Nf6 23. b5 Nc5 24. Bxc5 dxc5 25. d6+ Kh7 26. Bf7 Qf8 27. Be6 Qxd6 28. Bxd7 Qxd7 29. Rfd1 Qc7 30. Nd5 Nxd5 31. Qxd5 fxe4 32. Qxe4 c4 33. h4 h5 34. Rbc1 Rc8 35. Rd5 c3 36. Qd3 Qb6+ 37. Kh2 Bh6 38. Rd7+ Kh8 39. Qe2 Bf4+ 40. g3 Qf6 41. Kg2 Bxc1 42. Rxb7 Bh6 43. Qd3 c2 44. Qd7 Bg7 45. Qxc8+ Kh7 46. Qxc2 1-0


[Site "https://www.chess.com"]

[Event "Titled Tuesday Blitz August 08 Early 2023"]
[White "Karas, Marek"]
[Black "Zarubitski, Viachaslau"]
[WhiteFideId "14928558"]
[BlackFideId "13509373"]
[WhiteElo "2444"]
[BlackElo "2626"]
[Result "1/2-1/2"]
[Round "3"]
[TimeControl "180+1"]
[Date "2023.08.08"]
[WhiteClock "0:01:06"]
[BlackClock "0:00:22"]
[Board "127"]

1. d4 Nf6 2. Nf3 d5 3. c4 c6 4. g3 g6 5. cxd5 Nxd5 6. Bg2 Bg7 7. O-O O-O 8. e4 Nf6 9. Nc3 Bg4 10. Be3 e6 11. h3 Bxf3 12. Bxf3 Nbd7 13. Bg2 e5 14. d5 cxd5 15. Nxd5 Nxd5 16. Qxd5 Nb6 17. Qxd8 Rfxd8 18. b3 Bf8 19. Rfd1 Ba3 20. Bf3 Kg7 21. Rxd8 Rxd8 22. Rd1 Rxd1+ 23. Bxd1 Nc8 24. Be2 b6 25. Kf1 Nd6 26. Bd3 Bc5 27. Bd2 Kf6 28. Ke2 Ke6 29. a4 a5 30. Bc4+ Nxc4 31. bxc4 Bd4 32. Bc1 Kd6 33. Ba3+ Bc5 34. Bb2 f6 35. f3 Bb4 36. Kd3 h5 37. g4 hxg4 38. hxg4 g5 39. Bc1 Bc5 40. Bd2 Bd4 41. Bc1 Bc5 42. Bd2 Bb4 43. Be3 Kc6 44. Bf2 Bc5 45. Be1 Bd4 46. Bd2 Kc5 47. Be1 Bg1 48. Bd2 Bf2 49. Bc3 Bd4 50. Bd2 Bb2 51. Be1 Ba3 52. Bd2 Bb4 53. Be3+ Kc6 54. Bf2 Bc5 55. Be1 Bb4 56. Bf2 1/2-1/2


[Site "https://www.chess.com"]

[Event "Titled Tuesday Blitz August 08 Early 2023"]
[White "HamedWafa4"]
[Black "Kirillov, Dmitry"]
[BlackFideId "34180572"]
[WhiteElo "2626"]
[BlackElo "2443"]
[Result "1-0"]
[Round "3"]
[TimeControl "180+1"]
[Date "2023.08.08"]
[WhiteClock "0:00:12"]
[BlackClock "0:00:22"]
[Board "128"]

1. e4 c6 2. d3 d5 3. Nf3 g6 4. e5 Bg7 5. d4 h5 6. Be3 Nh6 7. Bd3 Bf5 8. O-O O-O 9. Bxh6 Bxh6 10. Bxf5 gxf5 11. Nh4 e6 12. Qxh5 Bg7 13. Nf3 f6 14. exf6 Rxf6 15. Ng5 Nd7 16. Re1 Qe8 17. Qxe8+ Rxe8 18. Nd2 Rg6 19. h4 Bxd4 20. c3 Bf6 21. f4 Nc5 22. g3 Ne4 23. Ndxe4 fxe4 24. Rf1 Bd8 25. Kg2 Rf8 26. Kh3 Bxg5 27. fxg5 Rxf1 28. Rxf1 Rg7 29. Rf6 Re7 30. h5 e5 31. g6 Kg7 32. Rd6 e3 33. Kg2 d4 34. Kf1 c5 35. g4 Kh6 36. Ke2 Kg5 37. cxd4 exd4 38. Rd5+ Kf4 39. h6 Ke4 40. g7 d3+ 41. Rxd3 1-0


[Site "https://www.chess.com"]

[Event "Titled Tuesday Blitz August 08 Early 2023"]
[White "Iskusnyh, Sergei"]
[Black "Harriott, Tyrell"]
[WhiteFideId "4120027"]
[BlackFideId "2086484"]
[WhiteElo "2625"]
[BlackElo "2442"]
[Result "1-0"]
[Round "3"]
[TimeControl "180+1"]
[Date "2023.08.08"]
[WhiteClock "0:00:47"]
[BlackClock "0:00:00"]
[Board "129"]

1. d4 e6 2. c4 d5 3. Nf3 c6 4. b3 Bd6 5. g3 f5 6. Bg2 Nf6 7. O-O O-O 8. Ba3 Bxa3 9. Nxa3 Nbd7 10. Qc1 Ne4 11. Qb2 Qf6 12. Nc2 g5 13. Nb4 g4 14. Nh4 Rf7 15. Nd3 Qg5 16. Qc1 Qh5 17. Nf4 Qh6 18. f3 gxf3 19. exf3 Ng5 20. Re1 Rg7 21. Nxe6 Rg6 22. Nxg5 Rxg5 23. Nxf5 Qf6 24. Ne7+ Kf7 25. cxd5 Qxd4+ 26. Kh1 Rh5 27. dxc6 Ne5 28. cxb7 Bxb7 29. Qc7 Nxf3 30. Nc6+ Kg8 31. Bxf3 Rxh2+ 32. Kxh2 Qf2+ 33. Bg2 Rc8 34. Qxb7 Rf8 35. Rf1 1-0


[Site "https://www.chess.com"]

[Event "Titled Tuesday Blitz August 08 Early 2023"]
[White "WindWhistler11"]
[Black "Pham, Le Thao Nguyen"]
[BlackFideId "12401226"]
[WhiteElo "2438"]
[BlackElo "2624"]
[Result "0-1"]
[Round "3"]
[TimeControl "180+1"]
[Date "2023.08.08"]
[WhiteClock "0:00:03"]
[BlackClock "0:00:14"]
[Board "130"]

1. Nf3 Nf6 2. g3 d5 3. c4 e6 4. Bg2 Nbd7 5. b3 Be7 6. Bb2 O-O 7. O-O a5 8. Nc3 Nc5 9. cxd5 exd5 10. d3 c6 11. Rb1 h6 12. Nd4 Re8 13. Qc2 Bg4 14. h3 Bh5 15. Nf5 Bf8 16. e4 dxe4 17. Nxe4 Nfxe4 18. dxe4 Qd3 19. Qxd3 Nxd3 20. Bc3 Be2 21. Rfd1 Bxd1 22. Rxd1 Red8 23. Bf1 Nb4 24. Re1 Nxa2 25. Ba1 Bb4 26. Rb1 Bc3 27. Bc4 b5 28. Be2 Rd2 29. Kf1 Rad8 30. Ne7+ Kf8 31. Nxc6 Bxa1 32. Nxd8 Bd4 33. Nc6 Nc3 34. Re1 b4 35. Nxd4 Rxd4 36. Bc4 a4 37. Re3 a3 38. Re1 a2 39. Kg2 Rd1 40. Re3 a1=Q 41. h4 Rh1 42. Kf3 Qd1+ 43. Kf4 g5+ 44. hxg5 hxg5+ 45. Kxg5 Qh5+ 46. Kf4 Rh2 47. Rf3 Qh6+ 48. Kg4 Ne2 49. Rxf7+ Ke8 50. Kf3 Qh5+ 51. Ke3 Qxf7 52. Bxf7+ Kxf7 53. Kxe2 Ke6 54. Ke3 Ke5 55. f4+ Ke6 56. Kd4 Rb2 57. Kc4 Rg2 58. Kxb4 Rxg3 59. Kc4 Rf3 60. f5+ Ke5 61. b4 Re3 62. b5 Rxe4+ 63. Kc5 Re1 64. b6 Rc1+ 65. Kb5 Kd6 66. f6 Rb1+ 67. Ka6 Kc6 68. Ka7 Rxb6 69. f7 Rb7+ 70. Ka8 Rxf7 0-1


[Site "https://www.chess.com"]

[Event "Titled Tuesday Blitz August 08 Early 2023"]
[White "Garcia Ramos, Daniel"]
[Black "Sliwicki, Damian"]
[WhiteFideId "32010311"]
[BlackFideId "1127128"]
[WhiteElo "2621"]
[BlackElo "2434"]
[Result "1-0"]
[Round "3"]
[TimeControl "180+1"]
[Date "2023.08.08"]
[WhiteClock "0:00:25"]
[BlackClock "0:00:09"]
[Board "131"]

1. e4 c5 2. Nf3 g6 3. d4 cxd4 4. Qxd4 Nf6 5. Nc3 Nc6 6. Qa4 d6 7. e5 dxe5 8. Nxe5 Bg7 9. Nxc6 bxc6 10. Qxc6+ Bd7 11. Qa6 O-O 12. Be2 Bf5 13. O-O Bxc2 14. Be3 Rb8 15. Rac1 Rxb2 16. Qa3 Qb8 17. Bxa7 Qb7 18. Ba6 Qxa7 19. Qxb2 Bf5 20. Qb7 Qd4 21. Rfd1 Qg4 22. Be2 Qg5 23. a4 Nd7 24. h4 Qxh4 25. g3 Qg5 26. Ne4 Bxe4 27. Qxe4 Nc5 28. Qc4 Kh8 29. Qxc5 Be5 30. Kg2 Qf6 31. a5 Bd4 32. Qxd4 e5 33. Qd6 Qf5 34. Qxf8# 1-0


[Site "https://www.chess.com"]

[Event "Titled Tuesday Blitz August 08 Early 2023"]
[White "szachmistrz2500"]
[Black "brm72"]
[WhiteElo "2434"]
[BlackElo "2621"]
[Result "1-0"]
[Round "3"]
[TimeControl "180+1"]
[Date "2023.08.08"]
[WhiteClock "0:00:14"]
[BlackClock "0:00:02"]
[Board "132"]

1. d4 Nf6 2. Nf3 g6 3. c4 Bg7 4. Nc3 d5 5. cxd5 Nxd5 6. Qb3 Nxc3 7. bxc3 O-O 8. Bf4 c5 9. e3 cxd4 10. cxd4 Qa5+ 11. Nd2 Nc6 12. Bc4 e5 13. dxe5 Nxe5 14. Bxe5 Bxe5 15. Rd1 Bc3 16. Ke2 Bd7 17. Qxb7 Ba4 18. Nb3 Qf5 19. Rd3 Bf6 20. h3 Rac8 21. Qd5 Rxc4 22. Qxc4 Bb5 23. Qc2 Rc8 24. Qb1 Bxd3+ 25. Qxd3 Rc2+ 26. Nd2 Qxd3+ 27. Kxd3 Rxa2 28. Rb1 Kg7 29. Rb7 h5 30. g4 Bh4 31. f4 a5 32. g5 Bf2 33. Nc4 Be1 34. Ne5 Bb4 35. Rxf7+ Kg8 36. Ra7 Ra3+ 37. Ke4 Bc5 38. Ra8+ Kg7 39. Nc4 Rc3 40. Kd5 Bxe3 41. Ra7+ Kg8 42. Ra8+ Kg7 43. Nxe3 Rxe3 44. Ra7+ Kg8 45. Rxa5 Rxh3 46. Ke5 Rf3 47. Ra8+ Kg7 48. Ra7+ Kg8 49. Kf6 Rxf4+ 50. Kxg6 Rf8 51. Rg7+ Kh8 52. Rh7+ Kg8 53. Rxh5 Rb8 54. Kh6 Rb6+ 55. g6 Rd6 56. Ra5 Rd8 57. Ra7 Re8 58. Rg7+ Kf8 59. Rh7 Kg8 60. Rb7 Rc8 61. Kg5 Rd8 62. Rb6 Rc8 63. Kf6 Rd8 64. Rb7 Rf8+ 65. Rf7 Rb8 66. Rg7+ Kf8 67. Rh7 Kg8 68. Rh1 Rf8+ 69. Kg5 Rb8 70. Kh6 Rc8 71. Re1 Rd8 72. Re7 Rc8 73. Rg7+ Kf8 74. Kh7 Rc1 75. Rg8+ Ke7 76. Ra8 Rh1+ 77. Kg7 Rc1 78. Ra7+ Ke8 79. Kg8 Rc8 80. g7 Rc1 81. Ra8+ Ke7 82. Ra7+ Kf6 83. Ra8 Rc7 84. Ra6+ Kg5 85. Kh7 Kh5 86. Kh8 1-0


[Site "https://www.chess.com"]

[Event "Titled Tuesday Blitz August 08 Early 2023"]
[White "Devaev, Alexander"]
[Black "Rostomyan, Mikayel"]
[WhiteFideId "4169395"]
[BlackFideId "13313754"]
[WhiteElo "2432"]
[BlackElo "2619"]
[Result "1-0"]
[Round "3"]
[TimeControl "180+1"]
[Date "2023.08.08"]
[WhiteClock "0:00:11"]
[BlackClock "0:00:05"]
[Board "133"]

1. Nf3 d5 2. c4 d4 3. d3 Nc6 4. a3 a5 5. e3 e5 6. Be2 Nf6 7. O-O Bc5 8. exd4 exd4 9. Bg5 O-O 10. Nbd2 Bf5 11. Ne4 Bxe4 12. dxe4 h6 13. Bxf6 Qxf6 14. Bd3 a4 15. Qc2 Rfe8 16. Rae1 Qf4 17. Re2 h5 18. Rfe1 h4 19. e5 Qh6 20. Re4 Be7 21. Nxd4 Nxd4 22. Rxd4 h3 23. g3 Rad8 24. Rde4 Qc6 25. Bf1 Qe6 26. Qe2 Bc5 27. Kh1 Qb6 28. f3 Bf2 29. Rc1 Bd4 30. Rc2 Qe6 31. f4 c5 32. g4 f5 33. gxf5 Qxf5 34. Qf3 Bxe5 35. Bxh3 Qf6 36. Rce2 Rd1+ 37. Kg2 Qg6+ 38. Qg3 Qc6 39. Qf3 Qg6+ 40. Bg4 Rf8 41. Rxe5 Qb1 42. Re8 Rg1+ 43. Kh3 Qh7+ 44. Bh5 g6 45. Rxf8+ Kxf8 46. Qe3 gxh5 47. Qe8+ Kg7 48. Re7+ Kh6 49. Rxh7+ Kxh7 50. Qxh5+ Kg7 51. Qe5+ Kg6 52. Qe6+ Kh5 53. Qd5+ Kh6 54. Qxc5 Rg6 55. Qe3 Rd6 56. f5+ Kh5 57. Qe8+ Kg5 58. Qe7+ Rf6 59. Kg3 Kxf5 60. Qxf6+ Kxf6 61. Kf4 Ke6 62. Ke4 b6 63. Kd4 Kf5 64. c5 b5 65. c6 Ke6 66. Kc5 b4 67. Kxb4 Kd6 68. Kb5 Kc7 69. h4 1-0


[Site "https://www.chess.com"]

[Event "Titled Tuesday Blitz August 08 Early 2023"]
[White "Jain Kashish Manoj"]
[Black "Namitbir Singh Walia"]
[WhiteFideId "35081098"]
[BlackFideId "35071068"]
[WhiteElo "2615"]
[BlackElo "2432"]
[Result "1-0"]
[Round "3"]
[TimeControl "180+1"]
[Date "2023.08.08"]
[WhiteClock "0:00:05"]
[BlackClock "0:00:04"]
[Board "134"]

1. e4 c5 2. Nf3 Nc6 3. Bb5 e5 4. O-O Bd6 5. c3 a6 6. Ba4 Nge7 7. Re1 O-O 8. d4 cxd4 9. cxd4 b5 10. Bb3 exd4 11. Nxd4 Bc5 12. Be3 Qb6 13. Nc2 Na5 14. Nc3 Nxb3 15. axb3 Bb7 16. Qxd7 Bxe3 17. Nxe3 Ng6 18. Ned5 Bxd5 19. Nxd5 Qb8 20. Rec1 Qe5 21. Qf5 Qxb2 22. b4 Rfe8 23. Nc7 Rac8 24. Rcb1 Qe5 25. Nxe8 Qxe8 26. Rc1 Rd8 27. Rxa6 h6 28. h3 Ne5 29. Ra7 Nc4 30. g3 Rd2 31. Rca1 Rd8 32. Qf4 Qe6 33. h4 Rf8 34. Ra8 Qe7 35. Qf5 Qxb4 36. Qd5 Qb2 37. Rxf8+ Kxf8 38. Ra8+ Ke7 39. Ra7+ Kf6 40. Qxf7+ Ke5 41. Qxg7+ Kxe4 42. Qxb2 Nxb2 43. Rb7 1-0


[Site "https://www.chess.com"]

[Event "Titled Tuesday Blitz August 08 Early 2023"]
[White "Przybylski, Wojciech"]
[Black "Kukreja Sankalp"]
[WhiteFideId "1117599"]
[BlackFideId "45027676"]
[WhiteElo "2614"]
[BlackElo "2429"]
[Result "1-0"]
[Round "3"]
[TimeControl "180+1"]
[Date "2023.08.08"]
[WhiteClock "0:00:42"]
[BlackClock "0:00:00"]
[Board "135"]

1. d4 d5 2. c4 c6 3. Nc3 Nf6 4. e3 Bf5 5. Nge2 e6 6. Ng3 Bg6 7. cxd5 exd5 8. Bd3 Bd6 9. O-O Qc7 10. b3 h5 11. Re1 h4 12. Nf1 h3 13. g3 Bh5 14. Qc2 Na6 15. a3 O-O-O 16. b4 Kb8 17. Bd2 Qe7 18. b5 cxb5 19. Nxb5 Rc8 20. Qb3 Bf3 21. Rab1 Rc6 22. Rec1 Rb6 23. Ba5 Ne4 24. Bxb6 axb6 25. Nxd6 Nxd6 26. Bxa6 bxa6 27. Qxb6+ Nb7 28. Nd2 Be2 29. Rb2 Rh7 30. Qc5 Qd7 31. Qf8+ Ka7 32. Rc8 Bb5 33. a4 1-0


[Site "https://www.chess.com"]

[Event "Titled Tuesday Blitz August 08 Early 2023"]
[White "Ladan, Nicholas"]
[Black "Kononenko, Dmitry"]
[WhiteFideId "30918855"]
[BlackFideId "14113538"]
[WhiteElo "2428"]
[BlackElo "2613"]
[Result "1/2-1/2"]
[Round "3"]
[TimeControl "180+1"]
[Date "2023.08.08"]
[WhiteClock "0:00:08"]
[BlackClock "0:00:33"]
[Board "136"]

1. d4 Nf6 2. Nf3 g6 3. Nc3 d5 4. Bg5 Bg7 5. Qd2 h6 6. Bf4 Ne4 7. Nxe4 dxe4 8. Ne5 Nc6 9. Nxc6 bxc6 10. e3 c5 11. Bb5+ Bd7 12. Bxd7+ Qxd7 13. dxc5 Qb5 14. Qe2 Qxc5 15. c3 O-O 16. O-O Rfd8 17. Rfd1 Rab8 18. Rxd8+ Rxd8 19. Rd1 Rb8 20. h3 Qc6 21. Qc2 a5 22. b3 Qxc3 23. Qxc3 Bxc3 24. Bxc7 Rc8 25. Rd8+ Rxd8 26. Bxd8 Kf8 27. Kf1 Ke8 28. Bb6 Kd7 29. Bd4 Bb4 30. Ke2 Kc6 31. g4 Kd5 32. f4 exf3+ 33. Kxf3 e5 34. Bb2 f5 35. gxf5 gxf5 36. Bc1 e4+ 37. Kg3 Bd6+ 38. Kh4 f4 39. exf4 Kd4 40. Bd2 e3 41. Bxa5 Bxf4 42. Kg4 Bd6 43. Kf3 Kd3 44. b4 e2 45. b5 Bc7 46. Be1 Bb6 47. a4 Bd8 48. a5 Kc4 49. b6 Kd3 50. b7 Bc7 51. a6 Bb8 52. Ba5 Ba7 53. Be1 Bb8 54. h4 h5 55. Bf2 Ba7 56. Bxa7 e1=Q 57. b8=Q Qe4+ 58. Kf2 Qe2+ 59. Kg3 Qg4+ 60. Kf2 Qe2+ 61. Kg1 Qe1+ 62. Kh2 Qxh4+ 63. Kg2 Qe4+ 64. Kg3 h4+ 65. Kh3 Qh1+ 66. Kg4 Qe4+ 67. Kh5 Qh7+ 68. Kg5 Qe7+ 69. Kf5 Qe4+ 70. Kf6 Qc6+ 71. Ke7 Qxa6 72. Qd6+ Qxd6+ 73. Kxd6 h3 74. Bg1 Ke2 75. Bh2 Kf1 76. Be5 Kg2 77. Kd5 h2 78. Bxh2 1/2-1/2


[Site "https://www.chess.com"]

[Event "Titled Tuesday Blitz August 08 Early 2023"]
[White "Liyanage, Ranindu Dilshan"]
[Black "Begunov, Konstantin"]
[WhiteFideId "9915834"]
[BlackFideId "4118510"]
[WhiteElo "2605"]
[BlackElo "2427"]
[Result "1-0"]
[Round "3"]
[TimeControl "180+1"]
[Date "2023.08.08"]
[WhiteClock "0:01:21"]
[BlackClock "0:00:00"]
[Board "137"]

1. e4 c5 2. Nc3 d6 3. f4 g6 4. Nf3 Bg7 5. Bb5+ Bd7 6. Bc4 Nc6 7. d3 a6 8. a4 e6 9. f5 exf5 10. O-O Nge7 11. Qe1 Ne5 12. Nxe5 dxe5 13. Bg5 f6 14. Be3 Qc7 15. Rb1 f4 16. Bf2 a5 17. g3 Bh3 18. gxf4 Bxf1 19. Qxf1 exf4 20. Qh3 b6 21. Qe6 Kd8 22. Nb5 Qd7 23. Qxb6+ Ke8 24. Nc7+ Kf8 25. Ne6+ 1-0


[Site "https://www.chess.com"]

[Event "Titled Tuesday Blitz August 08 Early 2023"]
[White "Gutkin, Ilya"]
[Black "Bilan, Danila"]
[WhiteFideId "16203470"]
[BlackFideId "24161918"]
[WhiteElo "2427"]
[BlackElo "2603"]
[Result "0-1"]
[Round "3"]
[TimeControl "180+1"]
[Date "2023.08.08"]
[WhiteClock "0:00:00"]
[BlackClock "0:00:10"]
[Board "138"]

1. e4 c6 2. Nf3 d5 3. Nc3 Bg4 4. d3 e6 5. h3 Bh5 6. Be2 Nd7 7. O-O Bc5 8. d4 Bb4 9. exd5 cxd5 10. Bf4 Ngf6 11. Qd3 Bg6 12. Qb5 Qb6 13. Qxb6 Nxb6 14. Nb5 O-O 15. c3 Be7 16. Ne5 Bc2 17. Rfc1 Ba4 18. b3 Bxb5 19. Bxb5 Rac8 20. f3 Nh5 21. Bd2 Ng3 22. Kf2 Nf5 23. Bd3 Nd6 24. Be2 Rfd8 25. Rc2 Bh4+ 26. g3 Be7 27. h4 Rc7 28. h5 Rdc8 29. h6 g6 30. g4 f6 31. Nd3 Nb5 32. Nc5 Bxc5 33. dxc5 Rxc5 34. b4 Rxc3 35. Bxc3 Nxc3 36. Rac1 d4 37. Bd3 e5 38. a3 Nbd5 39. Re1 Nf4 40. Be4 Nxe4+ 41. Rxe4 Rxc2+ 0-1


[Site "https://www.chess.com"]